 Dungeon Crawl Stone Soup version 0.29-a0-359-g541a27f54d (webtiles) character file.

Game seed: 1442436364515194142

49 Zeldest the Skirmisher (level 3, -7/29 HPs)
             Began as a Mummy Fighter on Apr 28, 2022.
             Killed from afar by Natasha (9 damage)
             ... with a magic dart
             ... on level 2 of the Dungeon.
             The game lasted 00:00:45 (672 turns).

Zeldest the Skirmisher (Mummy Fighter)               Turns: 672, Time: 00:00:46

Health: -7/29      AC:  7    Str: 21    XL:     3   Next: 51%
Magic:  3/3        EV:  9    Int:  7    God:
Gold:   30         SH:  4    Dex: 11    Spells: 2/2 levels left

rFire   x . .      SeeInvis .   a - +0 war axe
rCold   + . .      Faith    .   c - +0 buckler
rNeg    + + +      Spirit   .   b - +0 scale mail
rPois   ∞          Reflect  .   (no helmet)
rElec   .          Harm     .   (no cloak)
rCorr   .          Rampage  .   (no gloves)
Will    .....                   d - +0 pair of boots
Stlth   ..........              (no amulet)
HPRegen 0.09/turn               (no ring)
MPRegen 0.08/turn               (no ring)

@: no status effects
A: cold resistance 1, negative energy resistance 3, torment resistance 2, heat
vulnerability 1, in touch with death 1, no potions
a: no special abilities


You were on level 2 of the Dungeon.
You visited 1 branch of the dungeon, and saw 2 of its levels.

You collected 30 gold pieces.

Inventory:

Hand Weapons
 a - a +0 war axe (weapon)
Armour
 b - a +0 scale mail (worn)
 c - a +0 buckler (worn)
 d - a +0 pair of boots (worn)
Scrolls
 e - a scroll of fog {unknown}
 f - 2 scrolls of immolation
 g - a scroll of enchant weapon {unknown}
 h - a scroll of teleportation {unknown}


   Skills:
 + Level 3.4 Fighting
 * Level 2.5 Axes
 + Level 2.8 Armour
 - Level 2.4 Shields


You had 2 spell levels left.
You didn't know any spells.
Your spell library contained the following spells:

 Spells                   Type           Power      Damage    Failure   Level
 Summon Small Mammal      Summ           0%         N/A       86%         1
 Call Canine Familiar     Summ           0%         N/A       99%         3
 Summon Guardian Golem    Hex/Summ       0%         N/A       99%         3


Dungeon Overview and Level Annotations

Branches:
Dungeon (2/15)

Altars:

Annotations:
D:2 Natasha


Innate Abilities, Weirdness & Mutations

You are immune to poison.
Your flesh is cold resistant. (rC+)
You are immune to negative energy. (rN+++)
You are immune to unholy pain and torment.
You are vulnerable to heat. (rF-)
You are in touch with the powers of death.
You do not drink.


Message History

You resist with some effort.
You barely miss Natasha. You block Natasha's attack.
You barely miss Natasha.
Natasha claws you but does no damage. x2
You closely miss Natasha. Natasha closely misses you.
You closely miss Natasha. You block Natasha's attack.
You slash Natasha!
Natasha is severely wounded.
Natasha claws you. Natasha barely misses you.
You closely miss Natasha.
Natasha is severely wounded.
You block Natasha's attack.
You completely miss Natasha.
Natasha is severely wounded.
Natasha claws you.
You barely miss Natasha.
Natasha is severely wounded.
Natasha claws you.
Natasha mumbles some strange words.
You feel disoriented.
Natasha drinks a potion.
Natasha is healed!
You barely miss Natasha.
Natasha is moderately wounded.
Natasha extends her claws.
Natasha claws you.
* * * LOW HITPOINT WARNING * * *
You barely miss Natasha.
Natasha is moderately wounded.
Natasha claws you.
* * * LOW HITPOINT WARNING * * *
Natasha claws you but does no damage.
You hit Natasha.
Natasha is heavily wounded.
Natasha closely misses you.
You aren't carrying any items that you can evoke.
Okay, then.
You barely miss Natasha.
Natasha is heavily wounded.
Natasha casts a spell at you. The magic dart hits you!
You die...

### ... #.# .
#.#####..
#.#....).
.######........
.......@.......
#####.>h...####
#.......#
#..........#
#.......##..
##......# #
##.#...# #.
...# #. ....


You could see Natasha.

Vanquished Creatures
  Natasha (D:2)
  A dart slug (D:1)
  A bat (D:1)
  2 endoplasms (D:1)
  3 giant cockroaches (D:1)
  2 goblins (D:1)
  4 hobgoblins (D:1)
  A kobold (D:1)
  A ball python (D:1)
  3 frilled lizards (D:1)
  3 rats (D:1)
22 creatures vanquished.

Notes
Turn   | Place    | Note
-------+----------+-------------------------------------------
     0 | D:1      | Zeldest the Mummy Fighter began the quest for the Orb.
     0 | D:1      | Reached XP level 1. HP: 18/18 MP: 1/1
   127 | D:1      | Reached XP level 2. HP: 20/24 MP: 2/2
   163 | D:1      | Found a faded altar of an unknown god.
   582 | D:2      | Noticed Natasha
   592 | D:2      | Killed Natasha
   593 | D:2      | Gained mutation: You are in touch with the powers of death.
                  | [Mummy growth]
   593 | D:2      | Reached XP level 3. HP: 15/29 MP: 3/3
   655 | D:2      | Noticed Natasha
   670 | D:2      | HP: 1/29 [Natasha (6)]
   672 | D:2      | Killed from afar by Natasha

Illustrated notes

Levels and vault maps discovered:
D:1:      ncdulo_watergridlock, layout_basic, hellmonk_ecumenical_altar_blasted,
          chequers_serial_rivers_small_a
D:2:      layout_loops_ring, uniq_natasha, uniq_jessica, uniq_crazy_yiuf_cottage

Skill      XL: |  1  2 |
---------------+-------+-----
Axes           | 2 |  2.5
Fighting       | |  3.4
Armour         | |  2.8
Shields        | |  2.4

Action                   || total
-------------------------++-------
Melee: War axe           ||    74
Armor: Scale mail        ||    30
Dodge: Dodged            ||    36
Block: Buckler           ||    14

Table legend: (Time is in decaauts)
 A = Elapsed time spent in this place.
 B = Non-inter-level travel time spent in this place.
 C = Inter-level travel time spent in this place.
 D = Time resting spent in this place.
 E = Time spent auto-exploring this place.
 F = Levels seen in this place.
 G = Mean time per level.
                   A        B        C        D        E       F      G
               +--------+--------+--------+--------+--------+-----+--------+
         Total |    725 |    698 |     27 |     79 |    431 |   2 |  362.5 |
       Dungeon |    725 |    698 |     27 |     79 |    431 |   2 |  362.5 |
               +--------+--------+--------+--------+--------+-----+--------+

Top non-repeatable levels by time:
     D:1: 609 daAuts
     D:2: 115 daAuts
